 Dungeon Crawl Stone Soup version 0.27.0-1-g7a089689b8 (webtiles) character file.

Game seed: 11570862598597454784

1343 Sabo the Cudgeller (level 8, -1/76 (93) HPs)
             Began as a Human Berserker on Aug 1, 2021.
             Was a Priest of Trog.
             Slain by a wight (3 damage)
             ... on level 6 of the Dungeon.
             The game lasted 00:30:24 (6726 turns).

Sabo the Cudgeller (Human Berserker)                Turns: 6726, Time: 00:30:24

HP:   -1/76 (93)    AC: 14    Str: 19    XL:     8   Next: 93%
MP:   0/8           EV: 12    Int:  7    God:    Trog [***...]
Gold: 157           SH:  0    Dex: 14    Spells: 7/7 levels left

rFire    . . .     SeeInvis +   p - +3 dire flail
rCold    + . .     Faith    .   (shield currently unavailable)
rNeg     + . .     Spirit   +   y - +5 ring mail of Omish {rC+ SInv Stlth+}
rPois    .         Reflect  .   (no helmet)
rElec    .         Harm     .   v - +2 cloak
rCorr    .         Rampage  .   (no gloves)
Will     .....                  (no boots)
Stlth    ..........             i - amulet of guardian spirit
HPRegen  0.22/turn              k - ring of positive energy
MPRegen  0.11/turn              (no ring)

@: berserking (expiring), heavily drained, very quick
A: no striking features
a: Renounce Religion, Berserk, Trog's Hand


You were on level 6 of the Dungeon.
You worshipped Trog.
Trog was most pleased with you.
You visited 1 branch of the dungeon, and saw 6 of its levels.

You collected 207 gold pieces.
You spent 50 gold pieces at shops.

Inventory:

Hand Weapons
 p - a +3 dire flail (weapon)
 r - a +2 whip of freezing
 z - a +2 vampiric hand axe
Missiles
 h - 53 bolts
 m - 58 arrows
 o - 85 sling bullets
Armour
 g - the +0 kite shield of Untruth {Fly Slay+2}
   (You acquired it on level 3 of the Dungeon)

   Slay:      It affects your accuracy & damage with ranged weapons and melee
   (+2).
   Fly:       It grants you flight.
 v - a +2 cloak (worn)
 y - the +5 ring mail of Omish (worn) {rC+ SInv Stlth+}
   (You found it on level 4 of the Dungeon)

   rC:        It protects you from cold.
   SInv:      It lets you see invisible.
   Stlth:     It makes you more stealthy.
Jewellery
 i - an amulet of guardian spirit (around neck)
 k - a ring of positive energy (left hand)
Scrolls
 b - a scroll of summoning
 c - 2 scrolls of enchant armour
 e - 5 scrolls of teleportation
 l - a scroll of brand weapon {unknown}
 u - a scroll of blinking {unknown}
 w - 4 scrolls of magic mapping {unknown}
 A - a scroll of fog {unknown}
Potions
 a - 2 potions of mutation {unknown}
 d - a potion of haste {unknown}
 f - 2 potions of berserk rage {unknown}
 j - a potion of curing {unknown}
 n - a potion of flight
 q - 2 potions of heal wounds
 s - a potion of might {unknown}
 t - a potion of attraction {unknown}
 x - 2 potions of ambrosia {unknown}


   Skills:
 + Level 5.2 Fighting
 + Level 3.7(5.9) Axes
 + Level 7.0(7.5) Maces & Flails
 + Level 4.0 Armour
 + Level 3.7 Dodging
 + Level 2.2 Stealth


You had 7 spell levels left.
You didn't know any spells.
Your spell library was empty.

Dungeon Overview and Level Annotations

Branches:
Dungeon (6/15)
 Temple: D:4-7

Altars:
Trog

Shops:
D:2 !


Message History

* * * LOW HITPOINT WARNING * * *
You partially resist.
You feel drained.
* * * LOW HITPOINT WARNING * * *
You puncture the wight!
The wight is heavily damaged.
You hit the wight.
The wight is almost destroyed.
The wight hits you with a +3 long sword.
* * * LOW HITPOINT WARNING * * *
The wight misses you. The wight hits you with a +0 halberd.
* * * LOW HITPOINT WARNING * * *
You partially resist.
You feel drained.
You barely miss the wight.
The wight is almost destroyed.
The wight hits you with a +5 flail!
* * * LOW HITPOINT WARNING * * *
You partially resist.
You feel drained.
* * * LOW HITPOINT WARNING * * *
The wight hits you but does no damage. The wight closely misses you.
You barely miss the wight.
The wight is almost destroyed.
You barely miss the wight.
The wight is almost destroyed.
The wight barely misses you. The wight hits you with a +5 flail.
* * * LOW HITPOINT WARNING * * *
You partially resist.
You feel drained. The wight hits you with a +0 halberd.
* * * LOW HITPOINT WARNING * * *
You are too berserk!
You completely miss the wight.
The wight is almost destroyed.
The wight closely misses you. The wight hits you with a +0 halberd.
* * * LOW HITPOINT WARNING * * *
You partially resist.
You feel drained.
You puncture the wight!
You destroy the wight!
Trog accepts your kill.
You puncture the cyclops!
The cyclops is moderately wounded.
The wight hits you with a +0 halberd.
You die...

.......#.....# #.
......#.....# #.
.....+...(.# #. #.##.#
....###
##+###.####.##.#####....
#.......#...............
#.......#>...........#..
#......)#............#..
#.....z@'............#..
#....zC##...##.......#..
#...... ######.......#..
##..... #.......#..
#..... #.......#..
#..... #.......#..
#..... #.......#..
#..... #.......#..
#########..


You could see a cyclops and 2 wights.

Vanquished Creatures
  Pikel (D:6)
  A black bear (D:6)
  A necrophage (D:4)
  An ogre (D:5)
  A lemure (D:6)
  A wyvern skeleton (D:5)
  3 wights (D:6)
  A bullfrog zombie (D:5)
  2 hounds
  3 bullfrog skeletons (D:5)
  A jelly (D:5)
  2 iguanas (D:5)
  2 hound skeletons (D:4)
  4 gnolls (D:3)
  An adder (D:3)
  A shadow imp (D:5)
  A white imp (D:5)
  3 worms
  A dart slug (D:1)
  5 orcs
  3 ball pythons
  12 endoplasms
  2 giant cockroaches
  3 goblins (D:2)
  3 hobgoblins
  4 jackals
  5 quokkas
  5 bats
  2 frilled lizards
  7 kobolds
  10 rats
92 creatures vanquished.

Notes
Turn   | Place    | Note
-------+----------+-------------------------------------------
     0 | D:1      | Sabo the Human Berserker began the quest for the Orb.
     0 | D:1      | Reached XP level 1. HP: 18/18 MP: 1/1
   396 | D:1      | Reached XP level 2. HP: 21/24 MP: 2/2
  1387 | D:1      | Reached XP level 3. HP: 23/29 MP: 3/3
  2722 | D:2      | Found Ceravi's Distillery.
  2730 | D:2      | Bought a potion of heal wounds for 50 gold pieces
  3122 | D:3      | Reached XP level 4. HP: 36/36 MP: 2/4
  3123 | D:3      | Reached skill level 1 in Maces & Flails
  3478 | D:3      | Reached ** piety under Trog
  3527 | D:3      | Reached XP level 5. HP: 38/42 MP: 3/5
  3736 | D:3      | Reached skill level 2 in Maces & Flails
  4081 | D:3      | Identified a scroll of acquirement
  4083 | D:3      | Acquired the +0 kite shield of Untruth {Fly Slay+2}
  4438 | D:4      | Noticed a necrophage
  4449 | D:4      | Killed a necrophage
  4450 | D:4      | Reached skill level 3 in Maces & Flails
  4450 | D:4      | Reached skill level 1 in Stealth
  4450 | D:4      | Reached XP level 6. HP: 45/48 MP: 6/6
  5078 | D:4      | Identified the +5 ring mail of Omish {rC+ SInv Stlth+}
  5342 | D:5      | Entered Level 5 of the Dungeon
  5349 | D:5      | Noticed an ogre
  5371 | D:5      | Killed an ogre
  5372 | D:5      | Reached skill level 4 in Maces & Flails
  5382 | D:5      | Reached XP level 7. HP: 32/54 MP: 4/7
  5752 | D:5      | Reached skill level 5 in Maces & Flails
  5806 | D:5      | Noticed a moth of wrath
  5808 | D:5      | Found a bloodstained altar of Trog.
  6017 | D:5      | Reached *** piety under Trog
  6220 | D:6      | Noticed Pikel
  6243 | D:6      | Killed Pikel
  6244 | D:6      | Reached skill level 5 in Fighting
  6244 | D:6      | Reached skill level 6 in Maces & Flails
  6244 | D:6      | Reached XP level 8. HP: 51/62 MP: 5/8
  6711 | D:6      | Reached skill level 7 in Maces & Flails
  6711 | D:6      | Noticed a cyclops
  6723 | D:6      | HP: 3/76 [wight (1)]
  6726 | D:6      | Slain by a wight

Illustrated notes

Levels and vault maps discovered:
D:1:      denvon_arrival_waterhouse, layout_basic, st_stairs_8,
          grunt_decor_fettered, minmay_tetromino_i4
D:2:      layout_basic, serial_shops, nicolae_diamond_shop, grunt_decor_clamped
D:3:      layout_basic, minmay_misc_feat_iff
D:4:      layout_basic
D:5:      layout_rooms, tgw_trog
D:6:      layout_gridville, serial_park_tiny_1, due_unseen_surprise, uniq_pikel

Skill      XL: |  1  2  3  4  5  6  7  8 |
---------------+-------------------------+-----
Maces & Flails | 1 3 4 6 7 |  7.0
Fighting       | 4 5 |  5.2
Stealth        | 1 2 |  2.2
Armour         | 3 4 |  4.0
Dodging        | 3 |  3.7
Axes           | |  3.7

Action                   |  1- 3 |  4- 6 |  7- 9 || total
-------------------------+-------+-------+-------++-------
Melee: Hand axe          |    54 |       |       ||    54
       Dire flail        |    34 |    95 |   100 ||   229
Invok: Berserk           |     1 |       |     2 ||     3
  Use: Scroll            |       |     6 |       ||     6
 Stab: Sleeping          |     1 |     3 |       ||     4
Armor: Animal skin       |     9 |     4 |       ||    13
       Leather armour    |       |     3 |       ||     3
       Ring mail         |       |     7 |    44 ||    51
Dodge: Dodged            |    54 |    54 |    90 ||   198
